 Dungeon Sprint DCSS version 0.30-a0-534-gdc55766716 (webtiles) character file.

Game seed: 7162683194351523125

102 rocky1 the Carver (level 4, -1/33 HPs)
             Began as a Merfolk Gladiator on Dec 25, 2022.
             Slain by a water elemental (4 damage)
             ... in the Dungeon (Sprint III: "The Ten Rune Challenge").
             The game lasted 00:01:07 (311 turns).

rocky1 the Carver (Merfolk Gladiator)                Turns: 311, Time: 00:01:07

Health: -1/33      AC:  4    Str: 14    XL:     4   Next: 77%
Magic:  4/4        EV: 13    Int:  7    God:
Gold:   10         SH:  0    Dex: 17    Spells: 3/3 levels left

rFire   . . .      SeeInvis .    a - +0 long sword
rCold   . . .      Faith    .    (no shield)
rNeg    . . .      Spirit   .    b - +0 leather armour
rPois   .          Reflect  .    c - +0 helmet
rElec   .          Harm     .    (no cloak)
rCorr   .          Rampage  .    (no gloves)
Will    .....      NoTele   +    (no boots)
Stlth   +                        (no amulet)
HPRegen 0.25/turn                (no ring)
MPRegen 0.09/turn                (no ring)

@: engulfed
A: (nimble swimmer 2), mertail
a: no special abilities


You were in the Dungeon.
You visited 1 branch You collected 10 gold pieces.

Inventory:

Hand Weapons
 a - a +0 long sword (weapon)
Missiles
 d - 2 throwing nets (quivered)
 e - a javelin
Armour
 b - a +0 leather armour (worn)
 c - a +0 helmet (worn)
 l - a +1 hat
Scrolls
 k - a scroll of blinking
 m - 2 scrolls of torment {unknown}
 n - 2 scrolls of identify {unknown}
Potions
 f - a potion of curing
 g - 2 potions of heal wounds
 h - a potion of haste
 i - 2 potions of magic
 j - a potion of berserk rage
 o - 2 potions of flight
 p - 5 potions of mutation


   Skills:
 - Level 2.1 Fighting
 + Level 11.3 Long Blades
 - Level 2.0 Throwing
 - Level 4.0 Dodging


You had 3 spell levels left.
You didn't know any spells.
Your spell library was empty.

Dungeon Overview and Level Annotations

Branches:
Dungeon (1/1)

Altars:


Innate Abilities, Weirdness & Mutations

((You are very nimble when in or above water. (Stealth+, EV+, Speed+++)))
Your lower body shifts to a powerful aquatic tail in water.


Message History

m - 2 scrolls labelled KEAMOR UDAMNEY (gained 1)
n - 2 scrolls labelled UDAUNOS DOECOPS (gained 1)
g - 2 potions of heal wounds (gained 1)
Things that are here:
a potion of mutation; 2 potions of mutation You now have 10 gold pieces (gained 5).
Things that are here:
a potion of mutation; a potion of mutation
p - a potion of mutation;
p - 2 potions of mutation (gained 1)
p - 3 potions of mutation (gained 1);
p - 5 potions of mutation (gained 2)
There is an open door here.
You open the door.
A water elemental comes into view.
You hit the water elemental.
The water elemental is moderately damaged.
The water elemental barely misses you.
You barely miss the water elemental.
The water elemental is moderately damaged.
The water elemental hits you!
The water elemental engulfs you in water!
You barely miss the water elemental.
The water elemental is moderately damaged.
The water elemental hits you!
* * * LOW HITPOINT WARNING * * *
You hit the water elemental.
The water elemental is heavily damaged.
The water elemental misses you.
You hit the water elemental but do no damage.
The water elemental is heavily damaged.
The water elemental hits you.
You barely miss the water elemental.
The water elemental is heavily damaged.
You barely miss the water elemental.
The water elemental is heavily damaged.
The water elemental hits you.
* * * LOW HITPOINT WARNING * * *
You completely miss the water elemental.
The water elemental is heavily damaged.
The water elemental hits you.
You die...

▓▓▓▓▓▓▓▓ ▓▓▓ <..#...####
##.# ...#......#####..#
..##...)...#..#..#
##.##.##...#..#..# #+#+#
##.##.###..##'#..#......
#.####.##..###..@E.⌠....
.###..##..####...#...###
#.....##..###....# ⌠.#
###†.##...##.....# .#
##..##....#......# #
#..###..##÷#.....# #(.#
#.. ####....# ▓▓▓▓ ▓▓▓
▓▓▓▓▓▓


You could see a water elemental.

Vanquished Creatures
  A scorpion (D)
  Jessica (D)
  A human (D)
  An endoplasm (D)
  A rat (D)
5 creatures vanquished.

Notes
Turn   | Place    | Note
-------+----------+-------------------------------------------
     0 | D        | rocky1 the Merfolk Gladiator began the quest for the Orb.
     0 | D        | Reached XP level 1. HP: 16/16 MP: 1/1
     9 | D        | Reached skill level 4 in Long Blades
    23 | D        | Noticed Jessica
    27 | D        | Killed Jessica
    28 | D        | Reached skill level 8 in Long Blades
    28 | D        | Reached XP level 2. HP: 19/22 MP: 2/2
    28 | D        | Reached XP level 3. HP: 24/27 MP: 3/3
    95 | D        | Reached skill level 9 in Long Blades
   188 | D        | Noticed a scorpion
   196 | D        | Killed a scorpion
   197 | D        | Reached skill level 11 in Long Blades
   197 | D        | Reached XP level 4. HP: 33/33 MP: 4/4
   302 | D        | Noticed a water elemental
   311 | D        | Slain by a water elemental

Illustrated notes

Levels and vault maps discovered:
D:        dungeon_sprint_mu [sprint_mu_entry_cave, sprint_mu_temple_rooms,
          sprint_mu_d1_spiders, sprint_mu_d2_genie, sprint_mu_d3_branching,
          sprint_mu_orc_legion, sprint_mu_elf_gauntlet, sprint_mu_hive_nellie,
          sprint_mu_lair_fedhas, sprint_mu_vaults_butterflies,
          sprint_mu_slime_circle, sprint_mu_swamp_cave, sprint_mu_snake_twists,
          sprint_mu_blade_basic, sprint_mu_crypt_lich, sprint_mu_tomb_spiral,
          sprint_mu_vestibule_basic, sprint_mu_gehenna_hellfire,
          sprint_mu_dis_giant, sprint_mu_tartarus_statrot,
          sprint_mu_cocytus_islands, sprint_mu_zot1]

Skill      XL: |  1  2  3 |
---------------+----------+-----
Long Blades    | 8 11 | 11.3
Fighting       | |  2.1
Throwing       | |  2.0
Dodging        | |  4.0

Action                   |  1- 3 |  4- 6 || total
-------------------------+-------+-------++-------
Melee: Long sword        |    30 |     8 ||    38
       Punch             |     1 |       ||     1
Throw: Throwing net      |     4 |       ||     4
 Stab: Held in net/web   |     1 |       ||     1
Armor: Leather armour    |     1 |     1 ||     2
Dodge: Dodged            |    17 |     2 ||    19

Table legend: (Time is in decaauts)
 A = Elapsed time spent in this place.
 B = Non-inter-level travel time spent in this place.
 C = Inter-level travel time spent in this place.
 D = Time resting spent in this place.
 E = Time spent auto-exploring this place.
 F = Levels seen in this place.
 G = Mean time per level.
                   A        B        C        D        E       F      G
               +--------+--------+--------+--------+--------+-----+--------+
         Total |    310 |    310 |      0 |    169 |     15 |   1 |  310.0 |
       Dungeon |    310 |    310 |      0 |    169 |     15 |   1 |  310.0 |
               +--------+--------+--------+--------+--------+-----+--------+

Top non-repeatable levels by time:
       D: 310 daAuts
